 Dungeon Crawl Stone Soup version 0.25-a0-589-g1e14c549ee (webtiles) character file.

Game seed: 16262458392622510574, levelgen mode: deterministic

39 Kohma the Chiller (level 3, 0/24 HPs)
             Began as a Demonspawn Ice Elementalist on Mar 11, 2020.
             Slain by a worm (12 damage)
             ... on level 2 of the Dungeon.
             The game lasted 00:02:58 (980 turns).

Kohma the Chiller (Demonspawn Ice Elementalist)      Turns: 980, Time: 00:02:59

Health: 0/24       AC:  5    Str:  9    XL:     3   Next: 26%
Magic:  1/7        EV: 12    Int: 16    God:
Gold:   66         SH:  0    Dex: 13    Spells: 3/7 levels left

rFire    . . .     SeeInvis .   (no weapon)
rCold    . . .     Gourm    .   (no shield)
rNeg     . . .     Faith    .   a - +0 robe
rPois    .         Spirit   .   f - +0 helmet
rElec    .         Reflect  .   (no cloak)
rCorr    .         Harm     .   (no gloves)
MR       .....                  (no boots)
Stlth    ++........             (no amulet)
HPRegen  0.08/turn              (no ring)
MPRegen  0.10/turn              (no ring)

@: no status effects
A: hooves 1, icy blue scales 1
a: no special abilities


You were on level 2 of the Dungeon.
You were not hungry.

You visited 1 branch of the dungeon, and saw 2 of its levels.

You collected 66 gold pieces.

Inventory:

Armour
 a - a +0 robe (worn)
 f - a +0 helmet (worn)
 k - a +0 tower shield
Jewellery
 h - an uncursed ring of stealth {unknown}
Wands
 n - a wand of digging (5)
Scrolls
 e - a scroll of enchant armour {unknown}
 l - a scroll of blinking {unknown}
 m - a scroll of teleportation {unknown}
Potions
 b - a potion of flight {unknown}
 g - a potion of lignification {unknown}
 i - 2 potions of berserk rage {unknown}
 j - a potion of heal wounds {unknown}
Comestibles
 c - a ration
 d - 2 chunks of flesh


   Skills:
 + Level 2.2 Dodging
 - Level 1.7 Stealth
 * Level 2.6 Spellcasting
 * Level 4.1 Ice Magic


You had 3 spell levels left.
You knew the following spells:

 Your Spells              Type           Power        Failure   Level  Hunger
a - Freeze                Ice            ###.         3%          1    #......
b - Frozen Ramparts       Ice            ###...       11%         3    ###....

Your spell library contained the following spells:

 Spells                   Type           Power        Failure   Level  Hunger
 Ozocubu's Armour         Chrm/Ice       #.......     26%         3    ###....
 Hailstorm                Conj/Ice       #.......     63%         4    #####..
 Summon Ice Beast         Ice/Summ       #.......     63%         4    #####..


Dungeon Overview and Level Annotations

Branches:
Dungeon (2/15)

Altars:


Innate Abilities, Weirdness & Mutations

You have large cloven feet.
You are partially covered in icy blue scales. (AC +2)


Message History

You freeze the worm.
The worm is heavily wounded.
The worm bites you!
Casting: Freeze (safe; 3% risk of failure)
Confirm with . or Enter, or press ? or * to list all spells.
Aiming: Freeze (safe; 3% risk of failure)
Press: ? - help, Shift-Dir - straight line, f/p - worm
Aim: a worm (heavily wounded)
You freeze the worm.
The worm is severely wounded.
Casting: Freeze (safe; 3% risk of failure)
Confirm with . or Enter, or press ? or * to list all spells.
Aiming: Freeze (safe; 3% risk of failure)
Press: ? - help, Shift-Dir - straight line, f/p - worm
Aim: a worm (severely wounded)
You freeze the worm.
The worm is almost dead.
The worm bites you!
Ouch! That really hurt!
You die...

.... ..#.+.....
...#...#....
#####.#......
.....>....#
##########...#
......#....#'#######
#####.#............#
#.....#............#
................@..#
...#####........w..#
...'..##÷..........#
...##.##...........#
#'###.##...........#
#.###.######'#######
#.#.....#.......#.#
#+#.###.#.⌠...⌠.#.##
...)# #.#.......#..#


You could see a worm.

Vanquished Creatures
  An adder (D:2)
  A dart slug (D:1)
  A leopard gecko (D:1)
  3 goblins
  5 hobgoblins
  4 jackals (D:1)
  A quokka (D:2)
  A ball python (D:1)
  6 bats
  2 rats
25 creatures vanquished.

Notes
Turn   | Place    | Note
-------+----------+-------------------------------------------
     0 | D:1      | Kohma the Demonspawn Ice Elementalist began the quest for
                  | the Orb.
     0 | D:1      | Reached XP level 1. HP: 13/13 MP: 3/3
   136 | D:1      | Gained mutation: You have large cloven feet. [demonic
                  | ancestry]
   136 | D:1      | Reached XP level 2. HP: 19/19 MP: 1/5
   615 | D:1      | Reached skill level 4 in Ice Magic
   689 | D:2      | Gained mutation: You are partially covered in icy blue
                  | scales. (AC +2) [demonic ancestry]
   689 | D:2      | Reached XP level 3. HP: 17/24 MP: 0/6
   851 | D:2      | Learned a level 3 spell: Frozen Ramparts
   980 | D:2      | Slain by a worm

Levels and vault maps discovered:
D:1:      minmay_arrival_shattered_statue, layout_rooms
D:2:      layout_basic, minmay_fountain_box

Skill      XL: |  1  2 |
---------------+-------+-----
Dodging        | 2 |  2.2
Ice Magic      | 4 |  4.1
Stealth        | |  1.7
Spellcasting   | |  2.6

Action                   || total
-------------------------++-------
Melee: Unarmed           ||    24
       Kick              ||     4
 Cast: Freeze            ||    37
       Frozen Ramparts   ||     1
  Eat: Chunk             ||     1
Armor: Robe              ||    21
Dodge: Dodged            ||    43

Table legend:
 A = Non-vault XP
 B = Vault XP
 C = Vault XP percentage of total XP
 D = Non-vault monster count
 E = Vault monster count
 F = Vault count percentage of total count
                 A         B        C        D         E       F
            +---------+---------+-------+---------+---------+-------
      Total |      56 |       0 |   0.0 |      25 |       0 |   0.0
            +---------+---------+-------+---------+---------+-------
        D:1 |      35 |       0 |   0.0 |      19 |       0 |   0.0
        D:2 |      21 |       0 |   0.0 |       6 |       0 |   0.0
            +---------+---------+-------+---------+---------+-------
